[gd_scene load_steps=5 format=2]

[ext_resource path="res://encounters/base/LandEncounter.tscn" type="PackedScene" id=1]
[ext_resource path="res://props/Crew.tscn" type="PackedScene" id=2]
[ext_resource path="res://encounters/common/DrillOil.gd" type="Script" id=3]
[ext_resource path="res://props/Planet.tscn" type="PackedScene" id=4]

[node name="DrillOil" instance=ExtResource( 1 )]
script = ExtResource( 3 )
travelScreenScene = ExtResource( 4 )
travelScreenText = "This surely looks like a planet..."

[node name="Crew" type="YSort" parent="." index="7"]
visible = false

[node name="Crew" parent="Crew" index="0" instance=ExtResource( 2 )]
position = Vector2( 136.516, 658.771 )

[node name="Crew2" parent="Crew" index="1" instance=ExtResource( 2 )]
position = Vector2( 654.009, 607.974 )

[node name="Crew3" parent="Crew" index="2" instance=ExtResource( 2 )]
position = Vector2( 1239.76, 650.834 )

[node name="Crew4" parent="Crew" index="3" instance=ExtResource( 2 )]
position = Vector2( 1114.35, 715.917 )
